 Dungeon Crawl Stone Soup version 0.31.0-32-g396128a36d (webtiles) character file.

Game seed: 10146211719229925722

133 Marvel the Covered (level 4, -2/41 HPs)
             Began as a Minotaur Fighter on Mar 28, 2024.
             Was an Initiate of Elyvilon.
             Incinerated by a bombardier beetle (6 damage)
             ... with a burning spray
             ... on level 3 of the Dungeon.
             The game lasted 00:01:48 (1894 turns).

Marvel the Covered (Minotaur Fighter)               Turns: 1894, Time: 00:01:49

Health: -2/41      AC:  7    Str: 23    XL:     4   Next: 93%
Magic:  3/3        EV:  9    Int:  5    God:    Elyvilon [......]
Gold:   107        SH:  4    Dex:  9    Spells: 2/3 levels left

rFire   . . .        a - +0 trident
rCold   . . .        c - +0 buckler
rNeg    . . .        b - +0 scale mail
rPois   .            (helmet restricted)
rElec   .            (no cloak)
rCorr   .            (no gloves)
SInv    .            (no boots)
Will    .....        (no amulet) Stlth
                     (no ring)
HPRegen 0.26/turn    (no ring)
MPRegen 0.08/turn

%: no passive effects
@: on fire, glowing
A: horns 2, retaliatory headbutt
a: Renounce Religion


You were on level 3 of the Dungeon.
You worshipped Elyvilon.
Elyvilon was noncommittal.
You visited 1 branch of the dungeon, and saw 3 of its levels.

You collected 107 gold pieces.

Inventory:

Hand Weapons
 a - a +0 trident (weapon)
Armour
 b - a +0 scale mail (worn)
 c - a +0 buckler (worn)
Jewellery
 g - a +6 ring of dexterity
Scrolls
 f - a scroll of vulnerability {unknown}
 h - 2 scrolls of fear {unknown}
 j - a scroll of silence {unknown}
 k - a scroll of amnesia {unknown}
 m - 2 scrolls of identify {unknown}
Potions
 d - a potion of might
 e - a potion of berserk rage {unknown}
 i - a potion of heal wounds {unknown}
 l - a potion of attraction {unknown}


   Skills:
 + Level 4.5 Fighting
 + Level 4.1 Polearms
 + Level 4.6 Armour
 + Level 0.6 Dodging
 + Level 0.2 Stealth
 + Level 4.1 Shields


You had 2 spell levels left.
You knew the following spells:

 Your Spells              Type           Power      Damage    Failure   Level
a - Foxfire               Conj/Fire      0%         2x1d4     83%         1

Your spell library contained the following spells:

 Spells                   Type           Power      Damage    Failure   Level
 Sublimation of Blood     Necr           0%         N/A       93%         2
 Petrify                  Alch/Erth      0%         N/A       100%        4
 Irradiate                Conj/Alch      0%         3d11      100%        5


Dungeon Overview and Level Annotations

Branches:
Dungeon (3/15)

Altars:
Elyvilon
Vehumet


Innate Abilities, Weirdness & Mutations

You have a pair of horns on your head.
You reflexively headbutt those who attack you in melee.


Message History

You are too injured to fight recklessly!
You are too injured to fight recklessly!
You are too injured to fight recklessly!
You are too injured to fight recklessly!
You are too injured to fight recklessly!
You are too injured to fight recklessly!
You are too injured to fight recklessly!
You are too injured to fight recklessly!
You shake off some of the fire as you move.
The liquid fire burns you!
You hit the bombardier beetle but do no damage.
The liquid fire burns you!
The bombardier beetle bites you but does no damage.
You hit the bombardier beetle.
The bombardier beetle is moderately wounded.
The liquid fire burns you!
The bombardier beetle sprays incendiary fluid at you.
The burning spray hits you.
You are even more covered in liquid fire!
You hit the bombardier beetle.
You headbutt the bombardier beetle, but do no damage.
The bombardier beetle is heavily wounded.
The liquid fire burns you!
* * * LOW HITPOINT WARNING * * *
You hit the bombardier beetle. You headbutt the bombardier beetle.
The bombardier beetle is almost dead.
The liquid fire burns you!
* * * LOW HITPOINT WARNING * * *
The bombardier beetle sprays incendiary fluid at you.
The burning spray hits you.
You are even more covered in liquid fire!
You barely miss the bombardier beetle.
The bombardier beetle is almost dead.
The liquid fire burns you!
* * * LOW HITPOINT WARNING * * *
The bombardier beetle bites you but does no damage.
You hit the bombardier beetle.
You kill the bombardier beetle!
The liquid fire burns you!
You die...

#...... ## #.............
#..............
#.....#.#.#.#..
#.............#
.##.....#.....#.#
.......†........#
##....@#.....#.#
..?.....†.......#
.#.#......#.#.#.#.#
##.#.....##.)..)>...#
.......## ####.######
#####.#.### ##.#
......#.##########..########
.)........................>#
.)...........#############.#


There were no monsters in sight!

Vanquished Creatures
  A bombardier beetle (D:3)
  Natasha (twice) (D:2)
  2 adders
  A gnoll (D:1)
  A dart slug (D:1)
  3 orcs (D:3)
  4 bats
  2 endoplasms (D:1)
  3 giant cockroaches
  4 goblins
  4 hobgoblins
  3 quokkas
  3 ball pythons
  4 frilled lizards (D:1)
  7 kobolds
  7 rats
51 creatures vanquished.

Notes
Turn   | Place    | Note
-------+----------+-------------------------------------------
     0 | D:1      | Marvel the Minotaur Fighter began the quest for the Orb.
     0 | D:1      | Reached XP level 1. HP: 19/19 MP: 0/0
    61 | D:1      | Reached XP level 2. HP: 19/27 MP: 1/1
   229 | D:1      | Found a faded altar of an unknown god.
   233 | D:1      | Prayed at the altar of an unknown god.
   233 | D:1      | Became a worshipper of Vehumet
   233 | D:1      | Reached * piety under Vehumet
   233 | D:1      | Offered knowledge of Foxfire by Vehumet.
   236 | D:1      | Learned a level 1 spell: Foxfire
   630 | D:1      | Reached XP level 3. HP: 33/33 MP: 2/2
   647 | D:1      | You fall into a shaft and drop 1 floor!
   886 | D:2      | Noticed Natasha
   895 | D:2      | Killed Natasha
   898 | D:2      | Reached XP level 4. HP: 22/41 MP: 3/3
   989 | D:2      | Noticed Natasha
   995 | D:2      | Killed Natasha
  1764 | D:3      | Reached ** piety under Vehumet
  1796 | D:3      | Offered knowledge of Searing Ray by Vehumet.
  1799 | D:3      | Found a white marble altar of Elyvilon.
  1807 | D:3      | Fell from the grace of Vehumet
  1807 | D:3      | Became a worshipper of Elyvilon the Healer
  1894 | D:3      | Incinerated by a bombardier beetle

Illustrated notes

Levels and vault maps discovered:
D:1:      ncdulo_watergridlock, layout_basic, basic_ecumenical_altar,
          minmay_misc_feat_more_columns, serial_bayou_lake_a
D:2:      layout_loops_ring, uniq_natasha
D:3:      layout_basic, mainiacjoe_overflow_paths, st_stairs_2

Skill      XL: |  1  2  3  4 |
---------------+-------------+-----
Fighting       | 4 |  4.5
Armour         | 4 |  4.6
Shields        | 4 |  4.1
Polearms       | 3 4 |  4.1
Dodging        | |  0.6
Stealth        | |  0.2

Action                     |  1- 3 |  4- 6 || total
---------------------------+-------+-------++-------
  Melee: Trident           |    63 |    57 ||   120
         Headbutt          |     4 |     8 ||    12
 Armour: Scale mail        |    30 |    17 ||    47
  Dodge: Dodged            |    20 |    13 ||    33
  Block: Buckler           |     4 |     8 ||    12
